 Dungeon Crawl Stone Soup version 0.28-a0-1518-gbe868bca14 (webtiles) character file.

Game seed: 17365124241634850360

29 knot the Chopper (level 3, 29/29 HPs)
             Began as a Demonspawn Berserker on Jan 17, 2022.
             Was a Believer of Trog.
             Quit the game on level 1 of the Dungeon.
             The game lasted 00:00:34 (810 turns).

knot the Chopper (Demonspawn Berserker)              Turns: 810, Time: 00:00:35

Health: 29/29      AC:  2    Str: 17    XL:     3   Next: 1%
Magic:  3/3        EV: 12    Int: 10    God:    Trog [**....]
Gold:   20         SH:  0    Dex: 12    Spells: 2/2 levels left

rFire   . . .      SeeInvis .   a - +0 hand axe
rCold   . . .      Faith    .   (no shield)
rNeg    . . .      Spirit   .   b - +0 animal skin
rPois   .          Reflect  .   (helmet restricted)
rElec   .          Harm     .   (no cloak)
rCorr   .          Rampage  .   (no gloves)
Will    .....                   (no boots)
Stlth   +.........              (no amulet)
HPRegen 0.09/turn               (no ring)
MPRegen 0.08/turn               (no ring)

@: no status effects
A: horns 1, sanguine armour 1
a: Renounce Religion, Berserk, Trog's Hand


You were on level 1 of the Dungeon.
You worshipped Trog.
Trog was pleased with you.
You visited 1 branch of the dungeon, and saw 1 of its levels.

You collected 20 gold pieces.

Inventory:

Hand Weapons
 a - a +0 hand axe (weapon)
Missiles
 d - 34 stones (quivered)
Armour
 b - a +0 animal skin (worn)
Jewellery
 e - a +4 ring of protection
Scrolls
 c - a scroll of vulnerability {unknown}
 f - a scroll of immolation {unknown}
 g - a scroll of teleportation {unknown}


   Skills:
 - Level 3.0 Fighting
 + Level 3.8 Axes
 - Level 1.7 Armour
 - Level 1.7 Dodging


You had 2 spell levels left.
You didn't know any spells.
Your spell library was empty.

Dungeon Overview and Level Annotations

Branches:
Dungeon (1/15)

Altars:


Innate Abilities, Weirdness & Mutations

You have a pair of small horns on your head.
When seriously injured, your blood forms armour. (AC +0)


Message History

a +0 dagger; a goblin corpse No target in view!
g - a scroll labelled QAXTAL XUOMORPH
Things that are here:
a +0 dagger; a goblin corpse Key pressed, stopping explore.
No target in view!
No target in view!
You open the door.
There is an open door here.
There is an open door here.
You open the door.
Found a cloak.
There is an open door here.
No target in view!
No target in view!
You open the door. You open the door.
There is an open door here.
You open the door.
There is an open door here.
A giant cockroach comes into view.
A giant cockroach is nearby!
An endoplasm comes into view.
The endoplasm quivers.
The giant cockroach misses you. The giant cockroach barely misses you.
You hit the giant cockroach but do no damage.
You headbutt the giant cockroach.
The giant cockroach is heavily wounded.
The giant cockroach misses you.
You closely miss the giant cockroach. You headbutt the giant cockroach.
You kill the giant cockroach!
Trog accepts your kill.
You can now call upon Trog for regeneration and willpower.
You have reached level 3!
Your experience leads to an increase in your attributes!
Increase (S)trength, (I)ntelligence, or (D)exterity?
You feel clever. x2; Your demonic ancestry asserts itself...
You feel your blood ready itself to protect you.
Are you sure you want to abandon this character and quit the game? (Confirm with "yes".)

######.# #....######
#......###..........
#..........
#.####...#.........
########### #....#
........ # #....# #.....
# #.###....# #...J. ..# #
#...'....# #....# ...# #
#####....#.##..†.###....#
# #......#......@..#....#
# #.#....#########.#....#
#...############.#....#
#...'.......##........#
#...#.......##........#
#...#.......##........#
#####.......##........#
#.......####.######
#.......####.#


You could see an endoplasm.

Vanquished Creatures
  2 ball pythons (D:1)
  2 endoplasms (D:1)
  A giant cockroach (D:1)
  3 goblins (D:1)
  3 hobgoblins (D:1)
  6 jackals (D:1)
  A quokka (D:1)
  3 frilled lizards (D:1)
  4 kobolds (D:1)
25 creatures vanquished.

Notes
Turn   | Place    | Note
-------+----------+-------------------------------------------
     0 | D:1      | knot the Demonspawn Berserker began the quest for the Orb.
     0 | D:1      | Reached XP level 1. HP: 18/18 MP: 1/1
   134 | D:1      | Gained mutation: You have a pair of small horns on your
                  | head. [demonic ancestry]
   134 | D:1      | Reached XP level 2. HP: 16/24 MP: 2/2
   613 | D:1      | Found a faded altar of an unknown god.
   809 | D:1      | Reached ** piety under Trog
   810 | D:1      | Gained mutation: When seriously injured, your blood forms
                  | armour. (AC +0) [demonic ancestry]
   810 | D:1      | Reached XP level 3. HP: 29/29 MP: 3/3
   810 | D:1      | Quit the game

Illustrated notes

Levels and vault maps discovered:
D:1:      dpeg_arrival_rooms_c, layout_basic, ebering_ecumenical_altar_webs,
          minmay_quantized

Skill      XL: |  1 |
---------------+----+-----
Axes           | 3 |  3.8
Fighting       | |  3.0
Armour         | |  1.7
Dodging        | |  1.7

Action                   || total
-------------------------++-------
Melee: Hand axe          ||    43
       Headbutt          ||     5
       Punch             ||     1
Invok: Berserk           ||     1
Armor: Animal skin       ||     7
Dodge: Dodged            ||    39

Table legend: (Time is in decaauts)
 A = Elapsed time spent in this place.
 B = Non-inter-level travel time spent in this place.
 C = Inter-level travel time spent in this place.
 D = Time resting spent in this place.
 E = Time spent auto-exploring this place.
 F = Levels seen in this place.
 G = Mean time per level.
                   A        B        C        D        E       F      G
               +--------+--------+--------+--------+--------+-----+--------+
         Total |    827 |    827 |      0 |    160 |    562 |   1 |  827.0 |
       Dungeon |    827 |    827 |      0 |    160 |    562 |   1 |  827.0 |
               +--------+--------+--------+--------+--------+-----+--------+

Top non-repeatable levels by time:
     D:1: 827 daAuts
